Map: Blackburn LE

Players

llllllllllll - Winner!

  • Race: Protoss Protoss
  • League: Diamond
  • Spawn Location: 5:00

Jonathan

  • Race: Terran Terran
  • League: Diamond
  • Spawn Location: 7:00

VOD

Have the link to the VOD?

Description

Time

  • Played on: May 21, 2022, 12:45 a.m.
  • Length: 5:26
Show
View Real Time Build Order
Export as new Build Order

llllllllllll Protoss - Winner!

Build Orders:  

Get SALT Encoding   

  12  0:00  Probe  
  13  0:12  Probe  
  14  0:24  Probe  
  15  0:45  Pylon  
  15  1:03  Probe  
  16  1:05  Gateway  
  16  1:06  Gateway  
  16  1:11  Assimilator  
  16  1:12  Pylon  
  16  1:15  Probe  
  17  1:27  Probe  
  18  1:39  Probe  
  19  1:51  Zealot x2 (Chrono Boost)  
  19  1:52  Probe, Cybernetics Core  
  24  2:10  Zealot x2  
  28  2:29  Shield Battery  
  29  2:39  Pylon  
  29  2:42  Adept (Chrono Boost)  
  30  2:46  Adept (Chrono Boost)  
  27  2:59  Warp Gate (Chrono Boost)  
  27  3:08  Adept (Chrono Boost)  
  27  3:09  Adept (Chrono Boost)  
  29  3:29  Probe  
  29  3:31  Gateway  
  29  3:33  Gateway  
  30  3:36  Adept  
  30  3:37  Adept  
  32  3:55  Probe  
  37  4:22  Stalker x2  
  37  4:24  Probe  
  38  4:27  Assimilator  
  38  4:36  Probe  
  39  4:38  Stargate  
  39  4:43  Pylon  
  39  5:00  Pylon  
  39  5:01  Probe  
Show
View Real Time Build Order
Export as new Build Order

Jonathan Terran 

Build Orders:  

Get SALT Encoding   

  12  0:00  SCV  
  13  0:12  SCV  
  14  0:17  Supply Depot  
  14  0:24  SCV  
  15  0:31  Refinery  
  15  0:39  SCV  
  16  0:51  SCV  
  16  0:54  Barracks  
  17  1:03  Barracks  
  17  1:07  SCV  
  18  1:19  SCV  
  19  1:31  SCV  
  19  1:32  Supply Depot  
  20  1:43  Reaper  
  20  1:46  Barracks  
  21  1:55  SCV  
  21  1:56  Reaper  
  23  2:06  Barracks  
  23  2:07  SCV  
  24  2:18  Supply Depot  
  24  2:20  Reaper  
  25  2:29  Reaper  
  26  2:35  Supply Depot  
  23  3:28  SCV  
  23  3:33  Bunker  
  24  3:40  SCV  
  24  3:50  Reaper  
  24  3:52  SCV, Marine x3  
  23  4:04  SCV  
  23  4:06  Supply Depot  
  11  4:25  Marine x3  
  14  4:32  Marine  
  15  4:40  Bunker  
  15  5:04  Marine  
Tags
 
Add a new tag
Caveats
  • Supply blocks, unpowered buildings, or Contaminate may cause inaccurate times.
  • Supply counts are checked every 10 seconds.